Unix NetHack Version 5.0.0-0 post-release - last build May 10 2026 23:12:36 (d1fa5d53e341ca933230fdaa984d921c805b60aa,branch:main).

Game began 2026-05-12 01:41:31, ended 2026-05-12 10:59:42.

Drastanta, chaotic male human Wizard

                                ------ --------
                                |..@.---...>|<|
                                |.'00......-|^|
                                |.0.0.|000.||^|
                                |.....|....||^|
                                |----.------|^|
                                |......|    |^|
                                |......------^|
                                |.......^.....|
                                |......-----..|
                                --------   ----

Drastanta the Thaumaturge  St:8 Dx:13 Co:14 In:18 Wi:9 Ch:14  Chaotic
Dlvl:6  $:165 HP:0(55) Pw:35(46) AC:6  Xp:6 T:4165 

Latest messages:
 You see here a blue jelly corpse.
 There is a blue jelly corpse here; eat it? [ynq] (n) y
 Blecch!  Rotten food!
 You feel rather light headed.
 The rope golem hits!
 The rope golem hits again!
 The rope golem grabs you!
 You fail to cast the spell correctly.
 The rope golem hits!
 The rope golem hits again!
 You are being choked.
 You cannot escape from the rope golem!
 The rope golem hits!
 The rope golem hits again!
 You are being choked.
 You miss the rope golem.
 The rope golem hits!
 The rope golem misses!
 You are being choked.
 The rope golem hits!
 The rope golem hits again!
 You are being choked.
 What do you want to zap? [ctHK or ?*] ?
 In what direction? 8
 The rope golem vanishes!
 You feel less confused now.
 You see here a food ration.
 You have a little trouble lifting M - a food ration (3 in total).
 What do you want to drop? [$a-ln-qs-uwxzBCE-HK-P or ?*] ?
 You drop a scroll labeled KIRJE.
 What do you want to drop? [$a-ln-qs-uwxzBCE-HK-NP or ?*] P
 You drop a scroll labeled KIRJE.
 You drop an uncursed spellbook of slow monster.
 You drop an uncursed brilliant blue potion.
 Your movements are now unencumbered.
 You drop 2 uncursed ruby potions.
 You hit the rope golem!
 The rope golem hits!
 The rope golem just misses!
 You hit the rope golem!
 The rope golem hits!
 The rope golem just misses!
 You miss the rope golem.
 The rope golem hits!
 The rope golem hits again!
 You miss the rope golem.
 The rope golem hits!
 You die...
 Do you want your possessions identified? [ynq] (y) y
 Do you want to see your attributes? [ynq] (y) q

Inventory:
 Coins    ('$')
  $ - 165 gold pieces
 Weapons  (')')
  a - a blessed +1 quarterstaff (weapon in hands)
 Armor    ('[')
  b - an uncursed +0 cloak of magic resistance (being worn)
  E - an uncursed +0 studded leather armor (being worn)
 Comestibles  ('%')
  C - an uncursed apple
  z - an uncursed carrot
  M - 3 uncursed food rations
  u - 2 uncursed tins of spinach
 Scrolls  ('?')
  F - 3 uncursed scrolls of blank paper
  o - a cursed scroll of blank paper
  j - 2 uncursed scrolls of confuse monster
  x - 2 uncursed scrolls of enchant armor
  k - an uncursed scroll of identify
  i - a blessed scroll of light
  L - an uncursed scroll of light
  G - a blessed scroll of magic mapping
 Spellbooks  ('+')
  l - a blessed spellbook of force bolt
 Potions  ('!')
  f - an uncursed potion of paralysis
  g - a potion of holy water
  h - an uncursed potion of water
 Rings    ('=')
  N - an uncursed ring of poison resistance
  q - an uncursed ring of slow digestion
  d - an uncursed ring of stealth (on right hand)
  e - an uncursed ring of teleport control (on left hand)
 Wands    ('/')
  c - a wand of polymorph (0:8)
  t - a wand of speed monster (0:7)
  K - a wand of teleportation (0:7)
  H - a wand of teleportation (0:4)
 Tools    ('(')
  n - a magic marker (0:19)
  w - an uncursed magic whistle

Drastanta the Wizard's attributes:

Background:
 You were a Thaumaturge, a level 6 male human Wizard.
 You were chaotic, on a mission for Anhur
 who was opposed by Ptah (lawful) and Thoth (neutral).
 You were right-handed.
 You were in Sokoban, on level 6.
 You entered the dungeon 4165 turns ago.
 You had 473 experience points, 167 more were needed to attain level 7.

Basics:
 You had 0 out of 55 hit points.
 You had 35 out of 46 energy points (spell power).
 Your armor class was 6.
 Your wallet contained 165 zorkmids.
 Autopickup was off.

Final Characteristics:
 Your strength was 8 (peak:12, limit:18/100).
 Your dexterity was 13 (limit:18).
 Your constitution was 14 (limit:18).
 Your intelligence was 18 (limit:18).
 Your wisdom was 9 (limit:18).
 Your charisma was 14 (limit:18).

Final Status:
 You weren't hungry.
 You were unencumbered.
 You were wielding a quarterstaff.
 You had basic skill with quarterstaff and could have enhanced that.

Final Attributes:
 You were piously aligned.
 You were magic-protected.
 You were stealthy.
 You had teleport control.
 You were warded.
 You are dead.

Miscellaneous:
 You didn't encounter any bones levels.
 Total elapsed playing time was 33 minutes and 16 seconds.

Major events:
 Turn
    1: Drastanta the chaotic male human Wizard entered the dungeon
 1182: attained the rank of Conjurer (level 3)
 3619: attained the rank of Thaumaturge (level 6)
 3932: entered Sokoban
 4165: killed by a rope golem

Spells:
 Name                 Level Category     Fail Retention
 force bolt             1   attack         0%   71%-80%
 confuse monster        1   enchantment    0%   71%-80%

Skills:
 Fighting Skills
   bare handed combat [Unskilled]
   riding             [Unskilled]
 Weapon Skills
   dagger             [Unskilled]
   knife              [Unskilled]
   axe                [Unskilled]
   short sword        [Unskilled]
   club               [Unskilled]
   mace               [Unskilled]
   quarterstaff       [Basic]
   polearms           [Unskilled]
   spear              [Unskilled]
   trident            [Unskilled]
   sling              [Unskilled]
   dart               [Unskilled]
   shuriken           [Unskilled]
 Spellcasting Skills
   attack spells      [Basic]
   healing spells     [Unskilled]
   divination spells  [Unskilled]
   enchantment spells [Basic]
   clerical spells    [Unskilled]
   escape spells      [Unskilled]
   matter spells      [Unskilled]

Voluntary challenges:
 Character rerolling was not enabled.
 You never genocided any monsters.
 You never polymorphed an object.
 You never changed form.
 You used no wishes.
 You did not violate any of the special Sokoban rules.
Achievements:
 You attained the rank of Conjurer.
 You entered a shop.
 You attained the rank of Thaumaturge.
 You entered Sokoban.

 The Dungeons of Doom: levels 1 to 7
    Level 1:
    Level 2:
    Level 3:
       An altar, many trees.
    Level 4:
       A food shop, a fountain.
    Level 5:
    Level 6:
       Many fountains.
    Level 7:
       A fountain.
       Stairs up to Sokoban, level 6.
 Sokoban:
    Level 6: <- You were here.
       Unsolved.
       Final resting place for
          you, killed by a rope golem.


Vanquished creatures:
  a dwarf mummy
  a dog
  a blue jelly
  a dust vortex
  a gnome mummy
  a snake
  a water nymph
  2 rock moles
  a pony
  2 violet fungi
  a gnome leader
  a ghoul
  a paper golem
  2 giant ants
  a kitten
  a kobold shaman
  6 hill orcs
  4 giant bats
 an iguana
 an acid blob
  a coyote
  a gas spore
  a hobbit
  2 giant rats
  a yellow mold
  a red mold
  a gnome
  4 geckos
  3 jackals
  a fox
  2 goblins
  a sewer rat
  a grid bug
  a bat
  4 lichens
  4 newts
60 creatures vanquished.

No species were genocided or became extinct.

Game over:
                       ----------
                      /          \
                     /    REST    \
                    /      IN      \
                   /     PEACE      \
                  /                  \
                  |    Drastanta     |
                  |      165 Au      |
                  | killed by a rope |
                  |      golem       |
                  |                  |
                  |                  |
                  |       2026       |
                 *|     *  *  *      | *
        _________)/\\_//(\/(/\)/\//\/|_)_______

Goodbye Drastanta the Wizard...

You died in Sokoban on dungeon level 6 with 2351 points,
and 165 pieces of gold, after 4165 moves.
You were level 6 with a maximum of 55 hit points when you died.

